[Event "Austrian Championship 2022"]
[Site "Vienna"]
[Date "2022.08.16"]
[Round "6.17"]
[White "Hoegl, Emanuel"]
[Black "Steiner, Adam"]
[Result "1/2-1/2"]
[ECO "E04"]
[WhiteElo "2094"]
[BlackElo "2226"]
[Annotator "TA"]
[PlyCount "97"]
[EventDate "2022.08.12"]
[EventType "swiss"]
[EventCountry "AUT"]
[SourceTitle "playchess.com"]
[Source "ChessBase"]
[SourceQuality "1"]
[TimeControl "40/5400+30:1800+30"]

1. d4 d5 2. c4 e6 3. Nf3 Nf6 4. g3 dxc4 5. Bg2 c5 6. O-O Nc6 7. dxc5 Qxd1 8. Rxd1 Bxc5 9. Nbd2 c3 10. bxc3 O-O 11. Nb3 Be7 {[%emt 0:00:25] E04: Open Catalan: 5 Nf3.} 12. Nfd4 Nxd4 13. cxd4 Nd5 {[%emt 0:00:20] White has an edge.} 14. Bb2 Bd7 15. Nc5 Bc6 16. Rac1 {[%emt 0:02:00][%cal Ba1c1,Bc1c5,Bc5c2,Bc2b2,Bb2b7,Bb7a7][%mdl 32] [#]} Rac8 $146 ({Predecessor:} 16... Rfd8 17. e3 Rac8 18. Bf1 b6 19. Nd3 Ba4 20. Re1 Nb4 21. Nxb4 Bxb4 22. Ba6 Bxe1 23. Bxc8 {½-½ (58) Miton,K (2601)-Hoepfl,T (2296) Wroclaw 2014}) 17. e4 Nb6 18. d5 Bxc5 19. Rxc5 Na4 20. Rc2 Nxb2 21. Rxb2 Ba4 22. Rd4 Rc1+ 23. Bf1 Bd7 (23... b5 $14) 24. Rxb7 $16 Bc8 25. Rxa7 exd5 {[%emt 0:00:27] ( -> ...Bh3)} 26. Kg2 {[%emt 0:00:43] Against Bh3+} (26. exd5 $2 {gets mated.} Bh3) 26... dxe4 {[%emt 0:08:27] [#]} 27. Bc4 {[%emt 0:00:07][%cal Oa7f7] Hoping for Rxf7!} g5 28. Rxe4 Bf5 29. Re5 Bg6 30. Bb3 ({Resist} 30. Rc7 Kh8 $16) 30... g4 (30... h6 $16 {was necessary.} 31. h4 gxh4) 31. h3 ({White must play} 31. Rg5 $18) 31... gxh3+ 32. Kxh3 Kg7 33. Ree7 h5 34. Kg2 Rc6 35. Bd5 Rf6 36. Be4 {[%emt 0:00:36] 0x0.00144ea8fc7cdp-1022s more active pieces.} (36. Re6 $16) 36... Rh8 37. Bxg6 Kxg6 {[%emt 0:00:02][%mdl 4096] Endgame KRR-KRR} 38. Ra4 Rc8 39. Re2 {[%emt 0:00:38] Inhibits Rc2.} Rc1 40. Rae4 (40. Rd2 $16) 40... Ra6 41. Rb2 Ra1 42. Ree2 f6 43. Kf3 Ra3+ 44. Kg2 Ra6 {[%emt 0:00:12] Inhibits Rb6.} 45. Rec2 Ra5 {[%emt 0:01:26] The position is equal.} 46. Rd2 Ra7 47. f4 Ra3 48. Kh2 Ra7 49. Kg2 {[%emt 0:03:16] White really could win this.  Weighted Error Value: White=0.13 (very precise) /Black=0.12 (very precise)} 1/2-1/2

[Event "Austrian Championship 2022"]
[Site "Vienna"]
[Date "2022.08.16"]
[Round "6.18"]
[White "Wagner, Leopold Franziskus"]
[Black "Gschiel, Alexander"]
[Result "1/2-1/2"]
[ECO "D02"]
[WhiteElo "2080"]
[BlackElo "2215"]
[Annotator "NA RC"]
[PlyCount "81"]
[EventDate "2022.08.12"]
[EventType "swiss"]
[EventCountry "AUT"]
[SourceTitle "playchess.com"]
[Source "ChessBase"]
[SourceQuality "1"]
[TimeControl "40/5400+30:1800+30"]

1. d4 d5 2. Nf3 Nf6 3. Bf4 e6 4. e3 Bd6 5. Bg3 c5 6. c3 O-O 7. Nbd2 Bxg3 8. hxg3 Nbd7 9. Bd3 h6 10. Ne5 Nxe5 11. dxe5 Nd7 12. Qh5 f6 13. f4 fxe5 14. fxe5 c4 15. Bc2 Qb6 16. O-O-O Qxe3 17. Qg6 Qg5 18. Qxe6+ Kh8 19. Rdf1 Rxf1+ 20. Rxf1 Qd8 21. Qg6 Qg8 22. e6 Ne5 23. Qh5 Nd3+ 24. Bxd3 cxd3 25. e7 Bd7 26. Qf3 Re8 27. Qe3 b6 28. Nb3 Bb5 29. Re1 d4 30. Qxd4 Qf7 31. Nd2 Qxa2 32. c4 Qa1+ 33. Nb1 Qa4 34. Qxd3 Qxc4+ 35. Qxc4 Bxc4 36. Nc3 Kg8 37. Re4 Bf1 38. Re1 Ba6 39. Nd5 Rc8+ 40. Kd2 Bb5 41. Ra1 1/2-1/2

[Event "Austrian Championship 2022"]
[Site "Vienna"]
[Date "2022.08.16"]
[Round "6.19"]
[White "Sandhoefner, Florian"]
[Black "Sucher, Johannes"]
[Result "1-0"]
[ECO "B01"]
[WhiteElo "2289"]
[BlackElo "2164"]
[Annotator "NA RC"]
[PlyCount "77"]
[EventDate "2022.08.12"]
[EventType "swiss"]
[EventCountry "AUT"]
[SourceTitle "playchess.com"]
[Source "ChessBase"]
[SourceQuality "1"]
[TimeControl "40/5400+30:1800+30"]

1. e4 d5 2. exd5 Nf6 3. d4 Bg4 4. f3 Bf5 5. Bb5+ c6 6. dxc6 Nxc6 7. Ne2 Qb6 8. Bxc6+ bxc6 9. c3 e6 10. Qb3 Qa6 11. Kf2 Bd6 12. Nd2 O-O 13. Ng3 ({Don't go for} 13. Nc4 $2 Rab8 14. Be3 Bc7 $19) 13... Bg6 14. Qc4 Qb6 $14 15. Nde4 Nxe4+ 16. Nxe4 Bc7 17. b3 e5 18. Be3 exd4 19. Bxd4 Qb8 20. g3 Qc8 21. Kg2 Bf5 22. Qxc6 Bh3+ 23. Kg1 Qf5 24. Nf2 Rac8 25. g4 Qf4 26. Nxh3 Qd2 27. Qa6 Rfe8 28. Nf2 Rcd8 29. Qd3 Qb2 30. Qb1 Qd2 31. Qc1 Qe2 32. Kg2 Qe7 33. Qd2 Qh4 34. Rae1 Be5 35. Re4 f6 36. f4 Qh6 37. Rhe1 Kf7 38. g5 Bxf4 39. Qxf4 1-0

[Event "Austrian Championship 2022"]
[Site "Vienna"]
[Date "2022.08.16"]
[Round "6.20"]
[White "Leitner, Gerald"]
[Black "Hechl, Gerald"]
[Result "1-0"]
[ECO "B06"]
[WhiteElo "2145"]
[BlackElo "2222"]
[Annotator "TA"]
[PlyCount "97"]
[EventDate "2022.08.12"]
[EventType "swiss"]
[EventCountry "AUT"]
[SourceTitle "playchess.com"]
[Source "ChessBase"]
[SourceQuality "1"]
[TimeControl "40/5400+30:1800+30"]

1. e4 g6 2. d4 Nf6 3. Nc3 d5 4. e5 Ne4 5. Nxe4 dxe4 6. Bf4 {[%emt 0:03:06] B06: Modern Defence.} (6. f4 $14) 6... Bg7 $11 7. Qd2 c5 8. d5 {[%emt 0:07:57] [#] The position is equal.} Qb6 $146 ({Predecessor:} 8... O-O 9. O-O-O Qb6 10. Qe3 Bg4 11. f3 exf3 12. Nxf3 Nd7 13. h3 Bxf3 14. gxf3 c4 {1-0 (45) Harsha,B (2489)-Potapova,M (2257) Chess.com INT 2021}) 9. O-O-O Nd7 10. Ne2 ({White should play} 10. Qc3 $14) 10... Nxe5 11. Nc3 O-O $36 {[%emt 0:00:37][%mdl 2048] Black has some pressure.} 12. Re1 Ng4 13. Rxe4 e5 (13... e6 $15) 14. Bg3 (14. Bg5 $11) 14... f5 (14... Bh6 $5 15. f4 f5 $11) 15. Re1 Bh6 $1 16. f4 e4 17. h3 Ne5 (17... Nf6 $15) 18. Bh4 Re8 (18... Qb4 $11) 19. Bb5 $2 {[%emt 0:03:46] [#]} ({White should try} 19. d6 $16) 19... Qd6 20. Kb1 (20. Bxe8 Bxf4 $1 21. Qxf4 (21. Re3 $2 Nc4 $19) 21... Nd3+ $1 22. cxd3 Qxf4+ 23. Kb1 Qxh4 24. dxe4 fxe4 $17) (20. Rhf1 Bd7) 20... Bd7 (20... Nd7 $1 $15 {keeps the upper hand.} 21. Rhf1 a6 22. Bxd7 Bxd7) 21. Qf2 $2 (21. fxe5 $18 Bxd2 22. exd6 Bxe1 23. Rxe1 Bxb5 24. Nxb5) 21... Nf7 $17 22. Bxd7 Qxd7 23. g4 Nd6 (23... Bg7 $1 $15) 24. Bf6 $11 Nc4 {[%emt 0:04:20] Strongly threatening ...e3.} 25. Qxc5 (25. g5 $11 {keeps the balance.} Bg7 26. h4 (26. Qxc5 Nd2+ 27. Ka1 Bxf6 $11)) 25... Rac8 $17 26. Qd4 Bxf4 {[%emt 0:00:31] Hoping for ...Bd2.} 27. Re2 {[%emt 0:00:42] Inhibits Bd2.} Nd6 (27... b5 $1 $17 {[%cal Oc4d2] Threatens to win with ...Nd2+!} 28. gxf5 Qxf5) 28. Rf1 {[%emt 0:00:36] [#]} (28. Qd1 $15) 28... Bh6 $1 29. gxf5 Nxf5 30. Qxa7 (30. Rxf5 $17 Qxf5 31. Re1) 30... Ng3 $1 $19 {[%emt 0:00:25][%csl LRe2,LRf1,LRh3][%mdl 64] Discovered Attack, Double Attack} 31. Rfe1 Nxe2 32. Rxe2 (32. Nxe2 {was the only chance.} Qxd5 33. Qa4) 32... Qxh3 {[%emt 0:01:39] ( -> ...Qf1+)} 33. a3 $2 (33. Re1 Qg3 34. Qg1 Qxg1 35. Rxg1) 33... Qf1+ 34. Ka2 Qxe2 $4 35. Nxe2 $18 Rxc2 36. Nc3 {[%emt 0:00:00] Black must now prevent Qa4.} e3 37. d6 {[%emt 0:00:00] White threatens d7 and mate.} Rd2 38. Be7 {[%emt 0:00:00] aiming for Qa4.} e2 {[%emt 0:01:18] [#]} 39. Nxe2 $1 Bg7 {[%emt 0:00:03] [#]} 40. Kb1 Rxb2+ (40... Rxe2 $2 41. d7 Re1+ 42. Ka2 R1xe7 43. dxe8=Q+ Rxe8 44. Qxb7 $18) 41. Kc1 Rc8+ $2 (41... Rxe2 $16 {was worth a try.} 42. Qxb7 h5) 42. Kd1 Rcc2 $2 {[%emt 0:00:00] [#]} (42... Bh6 43. Ke1 Rcc2) 43. Qa5 $1 Bh6 (43... Rd2+ 44. Qxd2) 44. Qd5+ Kg7 45. Qe5+ Kf7 46. Qf6+ Ke8 47. Qh8+ Kd7 48. Qd8+ Ke6 49. Nd4+ {[%emt 0:00:00] White used his chance.  Weighted Error Value: White=1.01/Black=0.63} 1-0

[Event "Austrian Championship 2022"]
[Site "Vienna"]
[Date "2022.08.16"]
[Round "6.21"]
[White "Dotzer, Lukas"]
[Black "Belke, Frank"]
[Result "0-1"]
[ECO "C06"]
[WhiteElo "2269"]
[BlackElo "2226"]
[Annotator "NA RC"]
[PlyCount "84"]
[EventDate "2022.08.12"]
[EventType "swiss"]
[EventCountry "AUT"]
[SourceTitle "playchess.com"]
[Source "ChessBase"]
[SourceQuality "1"]
[TimeControl "40/5400+30:1800+30"]

1. e4 e6 2. d4 d5 3. Nd2 Nf6 4. e5 Nfd7 5. Bd3 c5 6. c3 Nc6 7. Ne2 $1 cxd4 8. cxd4 f6 9. exf6 Nxf6 10. Nf3 Bd6 11. O-O Qc7 12. Bd2 O-O 13. Rc1 Ng4 14. Ng3 g6 {[%emt 0:06:23] [#]} 15. Ng5 $1 Nf6 16. Re1 Re8 $14 17. Qf3 Qg7 18. Bc3 h6 19. Nh3 g5 20. Nh5 Nxh5 21. Qxh5 Bd7 22. Kh1 Rf8 23. Ng1 Rf4 24. Qd1 Rxf2 25. Nf3 g4 26. Ne5 Nxe5 27. dxe5 Bc5 28. Bd2 Bb6 29. Be3 Bxe3 30. Rxe3 Bc6 31. b4 Raf8 32. b5 Be8 33. Be2 h5 34. Qd4 Bg6 35. Kg1 Be4 36. Bf1 Qf7 37. Ree1 Rxa2 38. Ra1 Rf2 39. Qxa7 h4 40. Qe3 Qf5 41. Qh6 Rxg2+ 42. Kh1 Re2+ 0-1

[Event "Austrian Championship 2022"]
[Site "Vienna"]
[Date "2022.08.16"]
[Round "6.22"]
[White "Oberhuber, Alexander"]
[Black "Miazhynski, Yuri"]
[Result "1/2-1/2"]
[ECO "A16"]
[WhiteElo "2062"]
[BlackElo "2166"]
[Annotator "TA"]
[PlyCount "46"]
[EventDate "2022.08.12"]
[EventType "swiss"]
[EventCountry "AUT"]
[SourceTitle "playchess.com"]
[Source "ChessBase"]
[SourceQuality "1"]
[TimeControl "40/5400+30:1800+30"]

1. c4 Nf6 2. g3 d5 3. cxd5 Nxd5 4. Bg2 g6 5. Nc3 Nb6 6. Nf3 Bg7 7. O-O O-O 8. d3 Nc6 9. Bd2 e5 10. a4 {[%emt 0:04:21] A16: English Opening: 1...Nf6 with ...d5.} a5 $1 {[%emt 0:07:11] [#]} 11. Nb5 $146 ({Predecessor:} 11. Bg5 Qd7 12. Ne4 f6 13. Bd2 Kh8 14. Rc1 Nb4 15. Nc5 Qe7 16. Qb3 c6 17. Rfd1 N6d5 {1-0 (41) Nagy,G (2391)-Zsirai,P (2163) Balatonalmadi 2012}) 11... Nb4 12. Bc3 {[%emt 0:05:05] Black has an edge.} Qe7 13. Nd2 c6 14. Na3 Be6 15. Nac4 Nxc4 16. Nxc4 Bxc4 17. dxc4 e4 {[%emt 0:00:14] Black wants to play ...Bxc3.} 18. Bxg7 {[%emt 0:00:00] The position is equal.} Kxg7 19. Qd4+ Qf6 20. Qxf6+ Kxf6 21. Bxe4 Ke5 22. Bf3 Rad8 23. Rfd1 Na6 {[%emt 0:02:33] Weighted Error Value: White=0.09 (flawless) /Black=0.05 (flawless)} 1/2-1/2

[Event "Austrian Championship 2022"]
[Site "Vienna"]
[Date "2022.08.16"]
[Round "6.23"]
[White "Pilshofer, Paul"]
[Black "Scheffknecht, Philipp"]
[Result "1/2-1/2"]
[ECO "A49"]
[WhiteElo "2223"]
[BlackElo "2093"]
[Annotator "NA RC"]
[PlyCount "39"]
[EventDate "2022.08.12"]
[EventType "swiss"]
[EventCountry "AUT"]
[SourceTitle "playchess.com"]
[Source "ChessBase"]
[SourceQuality "1"]
[TimeControl "40/5400+30:1800+30"]

1. d4 Nf6 2. Nf3 g6 3. g3 Bg7 4. Bg2 d6 5. O-O O-O 6. b3 e5 7. dxe5 Ng4 8. Bb2 Nxe5 9. Nxe5 Bxe5 10. Bxe5 dxe5 11. Nc3 Nd7 12. Qd5 Qe7 13. Ne4 Kg7 14. c4 f5 15. Nc3 Nf6 16. Qa5 c6 17. Rad1 e4 18. Rd4 Re8 19. Rfd1 Be6 20. Rd6 1/2-1/2

[Event "Austrian Championship 2022"]
[Site "Vienna"]
[Date "2022.08.16"]
[Round "6.24"]
[White "Ivanyk, Igor"]
[Black "Albadri Abd Al Sattar"]
[Result "0-1"]
[ECO "C10"]
[WhiteElo "2002"]
[BlackElo "2161"]
[Annotator "NA RC"]
[PlyCount "68"]
[EventDate "2022.08.12"]
[EventType "swiss"]
[EventCountry "AUT"]
[SourceTitle "playchess.com"]
[Source "ChessBase"]
[SourceQuality "1"]
[TimeControl "40/5400+30:1800+30"]

1. e4 e6 2. d4 d5 3. Nc3 dxe4 4. Nxe4 Nd7 5. Nf3 Ngf6 6. Bd3 Nxe4 7. Bxe4 Nf6 8. Bg5 Be7 9. Bxf6 Bxf6 10. Qd3 h6 11. O-O-O O-O 12. h4 Qd6 13. g3 Bd7 14. Kb1 Bc6 15. Ng5 Rfd8 16. Nf3 Bxe4 17. Qxe4 c5 18. c3 b5 19. Rhe1 c4 20. Ne5 Rac8 21. f4 b4 22. Qb7 Be7 23. Qf3 Qb6 24. Ka1 Qb5 25. Qe2 Rc7 26. f5 exf5 27. Qh5 Bf6 28. Qxf5 Re7 29. cxb4 Qxb4 30. Qc2 Rxd4 31. Nf3 Rxd1+ 32. Rxd1 Re3 33. Nd2 Re2 34. Qc1 c3 0-1

[Event "Austrian Championship 2022"]
[Site "Vienna"]
[Date "2022.08.17"]
[Round "7.1"]
[White "Diermair, Andreas"]
[Black "Menezes, Christoph"]
[Result "1/2-1/2"]
[ECO "E05"]
[WhiteElo "2452"]
[BlackElo "2417"]
[Annotator "TA"]
[PlyCount "39"]
[EventDate "2022.08.12"]
[EventType "swiss"]
[EventCountry "AUT"]
[SourceTitle "playchess.com"]
[Source "ChessBase"]
[SourceQuality "1"]
[TimeControl "40/5400+30:1800+30"]

1. d4 {[%emt 0:00:04] Ribli,Z} Nf6 2. c4 e6 3. Nf3 d5 4. g3 Be7 5. Bg2 O-O 6. O-O dxc4 7. Qc2 a6 8. a4 Bd7 9. Qxc4 Bc6 10. Bg5 Bd5 11. Qc2 Be4 12. Qc1 Nc6 13. e3 {[%emt 0:07:59] E05: Open Catalan: 5 Nf3 Be7.} Nb4 {[%emt 0:16:56][%cal Oc7c5] The position is equal.} 14. Nc3 {[%emt 0:01:34] [#] Strongly threatening Bxf6.} Bc6 15. a5 Rc8 16. Rd1 {[%emt 0:01:42] [#]} Qe8 $146 ({Predecessor:} 16... Bxf3 17. Bxf3 Nfd5 18. Bxe7 Qxe7 19. Na4 b6 20. Qd2 Rb8 21. Rdc1 Rfd8 22. Nc3 Nf6 {½-½ (37) Pigusov,E (2560)-Liang,J (2425) Beijing 1997 CBM 061 [Ribli,Z]}) 17. Qb1 h6 18. Bxf6 Bxf6 19. Ne4 Be7 20. Rc1 {[%emt 0:13:42] An interesting draw.  Weighted Error Value: White=0.02 (flawless) /Black=0.01 (flawless)} 1/2-1/2

[Event "Austrian Championship 2022"]
[Site "Vienna"]
[Date "2022.08.17"]
[Round "7.1"]
[White "Hechl, Gerald"]
[Black "Spiesberger, Gerhard"]
[Result "0-1"]
[ECO "A41"]
[WhiteElo "2222"]
[BlackElo "1972"]
[Annotator "NA RC"]
[PlyCount "110"]
[EventDate "2022.08.12"]
[EventType "swiss"]
[EventCountry "AUT"]
[SourceTitle "playchess.com"]
[Source "ChessBase"]
[SourceQuality "1"]
[TimeControl "40/5400+30:1800+30"]

1. Nf3 d6 2. d4 Nc6 3. d5 Ne5 4. Nxe5 dxe5 5. e4 Nf6 6. Bb5+ Bd7 7. Qe2 a6 8. Bc4 g6 9. a4 Bg7 10. O-O O-O 11. Nc3 c6 12. Rd1 Qc7 13. a5 Rac8 14. Be3 cxd5 15. Bxd5 Bc6 16. Bb6 Qb8 17. Bb3 Nd7 18. Be3 Nf6 19. f3 Rcd8 20. Bc5 Rfe8 21. Qf2 e6 22. Bb6 Rxd1+ 23. Nxd1 Nd7 24. Ba7 Qc7 25. Qe3 Ra8 26. Bc5 Nxc5 27. Qxc5 Bf8 28. Qc3 Rc8 29. Ne3 h5 30. Kh1 Bb5 31. Qe1 Bc5 32. c4 Bc6 33. Nc2 Rd8 34. Ba2 Bd4 35. Rb1 Qd7 36. b4 Ba4 37. Na3 Ba7 38. c5 Qd3 39. Qc1 Qe2 40. Bc4 Qf2 41. Qf1 Qe3 42. Ra1 Rd2 43. Bxa6 Rf2 44. Qd3 Qg5 45. Rg1 bxa6 46. Qxa6 h4 47. h3 Bd1 48. Qd3 Be2 49. f4 exf4 50. Qd4 Qg3 51. Qd8+ Kg7 52. Qd4+ f6 53. e5 Bf3 54. exf6+ Kh6 55. Qxf2 Qxh3# 0-1

[Event "Austrian Championship 2022"]
[Site "Vienna"]
[Date "2022.08.17"]
[Round "7.2"]
[White "Blohberger, Felix"]
[Black "Morgunov, Marc"]
[Result "1/2-1/2"]
[ECO "E62"]
[WhiteElo "2492"]
[BlackElo "2376"]
[Annotator "TA"]
[PlyCount "77"]
[EventDate "2022.08.12"]
[EventType "swiss"]
[EventCountry "AUT"]
[SourceTitle "playchess.com"]
[Source "ChessBase"]
[SourceQuality "1"]
[TimeControl "40/5400+30:1800+30"]

1. d4 Nf6 2. c4 g6 3. g3 Bg7 4. Bg2 O-O 5. Nc3 d6 6. Nf3 Nc6 7. d5 Na5 8. b3 $1 {[%emt 0:00:09][%mdl 4] now scores much better than the old 8.Nd2.} c6 9. Bb2 cxd5 {[%emt 0:00:57] E62: King's Indian: Fianchetto: 6...c6 and Panno Variation (6...Nc6) without ...a6.} 10. cxd5 Bd7 11. Nd4 Rc8 {[%emt 0:00:23] White is slightly better.} 12. O-O Qb6 13. Qd2 {[%emt 0:08:15] [#]} e5 $146 ({Predecessor:} 13... Rc7 14. e3 Rfc8 15. Rfc1 Qb4 16. Rc2 a6 17. Rd1 Ng4 18. Nce2 Qxd2 19. Rcxd2 Nf6 {½-½ (26) Dizdar,G (2505)-Sokolov,I (2425) Sarajevo 1987}) 14. dxe6 fxe6 15. e4 Ng4 16. Rad1 Bh6 (16... Ne5 $14 17. Ba1 Nf7) 17. Qe2 Ne5 (17... Bg7 $142) 18. Kh1 (18. Bh3 $142) 18... a6 $2 {[%emt 0:05:05] [#]} (18... Nac6 $2 19. Ndb5 $16) (18... Bg7 $16) 19. f4 $18 Nec6 20. Nxc6 Rxc6 21. Qd2 (21. f5 $142 {Black must now prevent fxg6.} e5 22. Nd5) 21... Qb4 22. Ne2 ({White should play} 22. Rf3 $18) 22... Qxd2 $16 23. Rxd2 e5 24. Ba3 ({But not} 24. Bxe5 $6 dxe5 25. Rxd7 Rc2 $14) 24... Bg4 25. Bb4 b6 26. h3 $1 Bxe2 27. Rxe2 Nb7 28. Rd1 {[%emt 0:02:43] Threatens to win with fxe5.} Rfc8 (28... exf4 $2 29. gxf4 Rd8 30. e5 dxe5 31. Rxd8+ (31. Bxc6 Rxd1+ 32. Re1 Rxe1+ 33. Bxe1 Nc5 $11) 31... Nxd8 32. Bd5+ (32. fxe5 Rc1+ 33. Re1 Rxe1+ 34. Bxe1 Kf8 $16) 32... Kg7 33. fxe5 $18) 29. fxe5 {[%emt 0:03:02] The position is equal.} dxe5 30. Rd5 Rc1+ 31. Kh2 a5 32. Be7 R1c2 33. Rxc2 Rxc2 34. Rxe5 Kf7 35. Bh4 Nc5 {[%emt 0:00:07] ...Ne6 is the strong threat.} 36. Re7+ Kg8 37. Re8+ Kf7 38. Re7+ Kg8 {[%emt 0:00:14] [#] Hoping for ...g5.} 39. Re8+ {[%emt 0:00:56] Black defended with fortune.  Weighted Error Value: White=0.15 (very precise) /Black=0.17 (very precise)} 1/2-1/2

[Event "Austrian Championship 2022"]
[Site "Vienna"]
[Date "2022.08.17"]
[Round "7.2"]
[White "Mayrhuber, Tobias"]
[Black "Ernst, Robert"]
[Result "1-0"]
[ECO "B22"]
[WhiteElo "2010"]
[BlackElo "2001"]
[Annotator "NA RC"]
[PlyCount "22"]
[EventDate "2022.08.12"]
[EventType "swiss"]
[EventCountry "AUT"]
[SourceTitle "playchess.com"]
[Source "ChessBase"]
[SourceQuality "1"]
[TimeControl "40/5400+30:1800+30"]

1. e4 c5 2. c3 Nf6 3. e5 Nd5 4. Nf3 Nc6 5. Bc4 Nb6 6. Bb3 d5 7. exd6 Qxd6 8. O-O Be6 9. Na3 a6 10. Qe2 Bxb3 11. axb3 Rd8 1-0

[Event "Austrian Championship 2022"]
[Site "Vienna"]
[Date "2022.08.17"]
[Round "7.3"]
[White "Leisch, Lukas"]
[Black "Stanec, Nikolaus"]
[Result "1/2-1/2"]
[ECO "E68"]
[WhiteElo "2404"]
[BlackElo "2460"]
[Annotator "TA"]
[PlyCount "35"]
[EventDate "2022.08.12"]
[EventType "swiss"]
[EventCountry "AUT"]
[SourceTitle "playchess.com"]
[Source "ChessBase"]
[SourceQuality "1"]
[TimeControl "40/5400+30:1800+30"]

1. d4 Nf6 2. c4 d6 3. Nf3 Nbd7 4. Nc3 e5 5. e4 exd4 6. Nxd4 g6 7. g3 Bg7 8. Bg2 O-O 9. O-O Re8 10. h3 a6 11. Re1 Rb8 12. Rb1 Ne5 13. b3 $1 Bd7 {[%emt 0:04:27] E68: King's Indian: Fianchetto: 6...Nbd7 7 0-0 e5 8 e4.} 14. Bb2 {[%emt 0:11:05] White is slightly better.} Nc6 15. Nxc6 Bxc6 16. Nd5 {[%emt 0:00:16] [#]} h5 $146 ({Predecessor:} 16... Bd7 17. Qd4 Re6 18. Qd2 b5 19. Nf4 Re8 20. cxb5 axb5 21. Rbd1 g5 22. Nd3 h6 {1-0 (32) Bagaturov,G (2399)-Gucin,Z (2053) Konya 2015}) 17. Qd4 {[%emt 0:08:16][%cal Rd5f6] 0x0.00144ea8a760dp-1022s more active pieces.} Bxd5 18. exd5 {[%emt 0:07:18] White got outplayed after the opening.  Weighted Error Value: White=0.02 (flawless) /Black=0.10 (very precise)} ({White should try} 18. cxd5 $14 h4 19. g4 (19. gxh4 Nh5 $15)) 1/2-1/2

[Event "Austrian Championship 2022"]
[Site "Vienna"]
[Date "2022.08.17"]
[Round "7.3"]
[White "Kersten, Julian"]
[Black "Dotzer, Lukas"]
[Result "0-1"]
[ECO "D00"]
[WhiteElo "1999"]
[BlackElo "2269"]
[Annotator "NA RC"]
[PlyCount "66"]
[EventDate "2022.08.12"]
[EventType "swiss"]
[EventCountry "AUT"]
[SourceTitle "playchess.com"]
[Source "ChessBase"]
[SourceQuality "1"]
[TimeControl "40/5400+30:1800+30"]

1. d4 Nf6 2. Bg5 d5 3. Bxf6 exf6 4. e3 Bd6 5. Bd3 c6 6. Nd2 Qb6 7. b3 O-O 8. Ne2 Qc7 9. h3 f5 10. O-O g6 11. c4 Be6 12. cxd5 cxd5 13. Rc1 Qa5 14. Bb1 Na6 15. Nf3 Ba3 16. Rc2 Bd7 17. Rd2 Nb4 18. Ne5 Bb5 19. Nd3 Rac8 20. Nc5 Rc7 21. Bd3 b6 22. Bxb5 bxc5 23. Ba4 c4 24. Nc3 Rb8 25. Re2 cxb3 26. Qxb3 Rxc3 27. Qxc3 Qxa4 28. Rb1 Kg7 29. Rb3 Nxa2 30. Rxa2 Rxb3 31. Qa1 Qb5 32. Kh2 Bd6+ 33. g3 Rb1 0-1

[Event "Austrian Championship 2022"]
[Site "Vienna"]
[Date "2022.08.17"]
[Round "7.4"]
[White "Schernthaner, David"]
[Black "Horvath, Dominik"]
[Result "0-1"]
[ECO "E35"]
[WhiteElo "2319"]
[BlackElo "2488"]
[Annotator "RC"]
[PlyCount "86"]
[EventDate "2022.08.12"]
[EventType "swiss"]
[EventCountry "AUT"]
[SourceTitle "playchess.com"]
[Source "ChessBase"]
[SourceQuality "1"]
[TimeControl "40/5400+30:1800+30"]

1. d4 d5 2. c4 e6 3. Nc3 Nf6 4. cxd5 exd5 5. Bg5 Bb4 6. Qc2 h6 7. Bh4 Nc6 8. e3 g5 9. Bg3 Ne4 10. f3 Nxg3 11. hxg3 Bd6 12. Qf2 Ne7 13. Bd3 c6 14. O-O-O Qa5 15. Kb1 b5 16. e4 b4 17. Nce2 b3 18. axb3 Rb8 19. Nc1 Be6 20. e5 Bb4 21. f4 Bg4 22. Nf3 c5 23. dxc5 Bxc5 24. Qd2 Qxd2 25. Rxd2 gxf4 26. gxf4 Be3 27. Rc2 Bxf4 28. Ne2 Be3 29. Nc3 Rxb3 30. Ka2 Rb6 31. Nb5 Nc6 32. Ka1 O-O 33. Re1 d4 34. Rc5 Nb4 35. Bb1 Na6 36. Rd5 Be6 37. Rd6 Rxb5 38. Rxa6 Rfb8 39. Ba2 Rxb2 40. Bxe6 fxe6 41. Rxe6 Rxg2 42. Re7 Rg3 43. Rf1 Rf8 0-1

[Event "Austrian Championship 2022"]
[Site "Vienna"]
[Date "2022.08.17"]
[Round "7.4"]
[White "Wiedermann, Daniel"]
[Black "Fuchs, Patrick"]
[Result "1-0"]
[ECO "D26"]
[WhiteElo "2053"]
[BlackElo "1990"]
[Annotator "NA RC"]
[PlyCount "99"]
[EventDate "2022.08.12"]
[EventType "swiss"]
[EventCountry "AUT"]
[SourceTitle "playchess.com"]
[Source "ChessBase"]
[SourceQuality "1"]
[TimeControl "40/5400+30:1800+30"]

1. d4 d5 2. c4 dxc4 3. e3 Nf6 4. Bxc4 e6 5. Qe2 c5 6. Nf3 a6 7. dxc5 Bxc5 8. O-O b5 9. Bd3 Nbd7 10. a4 b4 11. Nbd2 Bb7 12. e4 Bd6 13. Rd1 Nc5 14. e5 Bc7 15. exf6 Qxd3 16. fxg7 Rg8 17. Qxd3 Nxd3 18. Nb3 Bxf3 19. Rxd3 Be4 20. Rd4 Bd5 21. Rxb4 Rxg7 22. g3 Bd6 23. Rd4 Be5 24. Rd3 Rc8 25. Nd4 Be4 26. Re3 f5 27. Nxe6 Rg6 28. Ng5 Rxg5 29. Rxe4 Rxc1+ 30. Rxc1 fxe4 31. h4 Rg6 32. Re1 Rg4 33. b4 Bd4 34. Kg2 Kf7 35. b5 a5 36. Rd1 e3 37. Kf3 e2 38. Re1 h5 39. Rxe2 Bb6 40. Re5 Rxa4 41. Rxh5 Rb4 42. g4 a4 43. g5 a3 44. Rh7+ Kg8 45. Rb7 Ba5 46. Ra7 Rxb5 47. Ra8+ Kg7 48. Ra7+ Kg6 49. Kg4 Rb4+ 50. f4 1-0